 Dungeon Crawl Stone Soup version 0.31-a0-246-g8cbcc1cb85 (webtiles) character file.

Game seed: 14668735985952246354

578 Dittersdorf the Shield-Bearer (level 7, -1/44 HPs)
             Began as a Gargoyle Fighter on July 12, 2023.
             Slain by an ogre
             ... wielding a +0 giant spiked club
              (22 damage)
             ... on level 4 of the Dungeon.
             The game lasted 00:04:26 (3034 turns).

Dittersdorf the Shield-Bearer (Gargoyle Fighter)    Turns: 3034, Time: 00:04:26

Health: -1/44      AC: 18    Str: 22    XL:     7   Next: 36%
Magic:  7/7        EV: 13    Int:  8    God:
Gold:   350        SH:  4    Dex:  9    Spells: 6/6 levels left

rFire   . . .        a - +0 flail
rCold   . . .        c - +0 buckler
rNeg    + . .        w - +0 chain mail
rPois   ∞            p - +0 helmet
rElec   +            m - +0 cloak
rCorr   .            e - +0 pair of gloves
SInv    .            (no boots)
Will    .....        (no amulet) Stlth
                     q - +5 ring of evasion
HPRegen 0.27/turn    (no ring)
MPRegen 0.10/turn

%: no passive effects
@: no status effects
A: sickness immunity, AC +4, negative energy resistance 1, electricity
resistance, torment resistance 1, petrification resistance
a: no special abilities


You were on level 4 of the Dungeon.
You visited 1 branch of the dungeon, and saw 4 of its levels.

You collected 350 gold pieces.

Inventory:

Hand Weapons
 a - a +0 flail (weapon)
Armour
 c - a +0 buckler (worn)
 e - a +0 pair of gloves (worn)
 m - a +0 cloak (worn)
 p - a +0 helmet (worn)
 w - a +0 chain mail (worn)
Jewellery
 q - a +5 ring of evasion (left hand)
Wands
 s - a wand of flame (18)
 t - a wand of iceblast (8)
Scrolls
 b - a scroll of enchant armour {unknown}
 h - a scroll of summoning {unknown}
 o - a scroll of poison {unknown}
 r - 4 scrolls of enchant weapon {unknown}
 u - a scroll of blinking {unknown}
 v - a scroll of fog
Potions
 d - 2 potions of might
 f - a potion of invisibility
 g - 2 potions of curing
 j - 3 potions of enlightenment
 l - 2 potions of heal wounds


   Skills:
 + Level 5.3 Fighting
 + Level 4.2 Maces & Flails
 + Level 5.2 Armour
 + Level 5.3 Shields


You had 6 spell levels left.
You didn't know any spells.
Your spell library was empty.

Dungeon Overview and Level Annotations

Branches:
Dungeon (4/15)
 Temple: D:4-7

Altars:
Ashenzari
Gozag

Shops:
D:4 [


Innate Abilities, Weirdness & Mutations

You are immune to sickness and miasma.
Your stone body is resilient. (AC +4)
You are immune to poison.
You resist negative energy. (rN+)
You are resistant to electric shocks. (rElec)
You are resistant to unholy torment.
You are immune to petrification.


Message History

You hit the ogre.
The ogre is moderately wounded.
The ogre hits you but does no damage.
You hit the ogre.
The ogre is moderately wounded.
The ogre closely misses you.
You sock the ogre!
The ogre is heavily wounded.
The ogre closely misses you.
You hit the ogre.
The ogre is severely wounded.
The ogre hits you with a +0 giant spiked club!!
Ouch! That really hurt!
You are too injured to fight recklessly!
You are too injured to fight recklessly!
You are too injured to fight recklessly!
You are too injured to fight recklessly!
You are too injured to fight recklessly!
You are too injured to fight recklessly!
You are too injured to fight recklessly!
You are too injured to fight recklessly!
You are too injured to fight recklessly!
You are too injured to fight recklessly!
You are too injured to fight recklessly!
You are too injured to fight recklessly!
You are too injured to fight recklessly!
You are too injured to fight recklessly!
You are too injured to fight recklessly!
You are too injured to fight recklessly!
You are too injured to fight recklessly!
You barely miss the ogre.
The ogre is severely wounded.
You barely miss the ogre.
The ogre is severely wounded.
The ogre misses you.
You barely miss the ogre.
The ogre is severely wounded.
The ogre hits you with a +0 giant spiked club!!
Ouch! That really hurt!
You die...

#.# *,,,,,,,,* *,* #>#
**,**,**** *,* #.#
###***,**,*** *,* #.#
#..,,,,,,,,,** *,* #.#
#.#***,,,,,,,* *,* #.# #.#
****,*,,*****,* # #.# ##.##
*,*,,**,,,,*
#####.####...#####*,*,,**,****
<..>.......#....@#*,*,,**,*
.####.####...###.O.....#*,*
......# ##.## ####.#.##*,*
..##### #.#******,#,* *,* ..#
#..,,,,,,,,,***,*
..######**####*,,,,,,,,,,,*
.........,,,,,,,,,,,*******
#........,,,,,,,*****
#########********


You could see an ogre.

Vanquished Creatures
  An ogre (D:4)
  2 phantoms (D:4)
  2 scorpions (D:4)
  An orc priest (D:3)
  An iguana (D:4)
  Ijyb (D:3)
  4 adders
  6 worms
  3 dart slugs
  9 orcs
  7 bats
  3 endoplasms
  9 goblins
  7 hobgoblins
  8 jackals
  A quokka (D:2)
  3 ball pythons
  3 frilled lizards
  9 kobolds
  3 rats
83 creatures vanquished.

Notes
Turn   | Place    | Note
-------+----------+-------------------------------------------
     0 | D:1      | Dittersdorf the Gargoyle Fighter began the quest for the
                  | Orb.
     0 | D:1      | Reached XP level 1. HP: 14/14 MP: 1/1
    42 | D:1      | Reached XP level 2. HP: 19/19 MP: 2/2
   456 | D:1      | Reached XP level 3. HP: 4/23 MP: 3/3
   862 | D:1      | Found a broken altar of Ashenzari.
  1348 | D:2      | Reached XP level 4. HP: 29/29 MP: 4/4
  1825 | D:3      | Reached XP level 5. HP: 33/33 MP: 5/5
  1931 | D:3      | Noticed Ijyb
  1941 | D:3      | Killed Ijyb
  1978 | D:3      | Identified the +1 leather armour "Bih Nac" {rF- rC- Str+7
                  | Dex+3}
  2061 | D:3      | Found a faded altar of an unknown god.
  2471 | D:4      | Reached XP level 6. HP: 29/39 MP: 6/6
  2546 | D:4      | Found an opulent altar of Gozag.
  2636 | D:4      | Reached skill level 5 in Fighting
  2673 | D:4      | Found Lalouru's Armour Shoppe.
  2688 | D:4      | Reached skill level 5 in Armour
  2688 | D:4      | Reached skill level 5 in Shields
  2688 | D:4      | Reached XP level 7. HP: 6/44 MP: 7/7
  3034 | D:4      | Slain by an ogre

Illustrated notes

Levels and vault maps discovered:
D:1:      sevenhm_arrival_forest_fort_small_6, layout_loops_ring,
          item_on_display_a
D:2:      layout_rooms, minmay_liquid_box, minmay_misc_feat_square,
          minmay_pentomino_x4
D:3:      minmay_angry_zag, layout_basic, ebering_ecumenical_altar_mist,
          minmay_gold_behind_fungi, nicolae_kite_square_tiling_tiny, uniq_ijyb
D:4:      layout_loops_ring, nicolae_gozag_seed_capital, serial_shops, shop

Skill      XL: |  1  2  3  4  5  6 |
---------------+-------------------+-----
Fighting       | 4 5 |  5.3
Armour         | 4 5 |  5.2
Shields        | 4 5 |  5.3
Maces & Flails | 3 4 |  4.2

Action                     |  1- 3 |  4- 6 |  7- 9 || total
---------------------------+-------+-------+-------++-------
  Melee: Flail             |   137 |   201 |    36 ||   374
    Use: Scroll            |       |     9 |       ||     9
 Armour: Scale mail        |    79 |    33 |       ||   112
         Chain mail        |       |    36 |    20 ||    56
  Dodge: Dodged            |    63 |   100 |    45 ||   208
  Block: Buckler           |    24 |    33 |    10 ||    67

Table legend: (Time is in decaauts)
 A = Elapsed time spent in this place.
 B = Non-inter-level travel time spent in this place.
 C = Inter-level travel time spent in this place.
 D = Time resting spent in this place.
 E = Time spent auto-exploring this place.
 F = Levels seen in this place.
 G = Mean time per level.
                   A        B        C        D        E       F      G
               +--------+--------+--------+--------+--------+-----+--------+
         Total |   3136 |   2982 |    154 |    252 |   1860 |   4 |  784.0 |
       Dungeon |   3136 |   2982 |    154 |    252 |   1860 |   4 |  784.0 |
               +--------+--------+--------+--------+--------+-----+--------+

Top non-repeatable levels by time:
     D:1: 964 daAuts
     D:3: 862 daAuts
     D:2: 666 daAuts
     D:4: 642 daAuts
